 Seeded DCSS version 0.32-a0-913-g739538afd8 (webtiles) character file.

Game seed: 17047034582663869622 (custom seed)

2837 bronco the Blocker (level 9, -7/102 HPs)
             Began as a Mountain Dwarf Fire Elementalist on Apr 10, 2024.
             Mangled by a yak (11 damage)
             ... on level 6 of the Dungeon.
             The game lasted 00:24:46 (7345 turns).

bronco the Blocker (MDFE)                           Turns: 7345, Time: 00:24:46

Health: -7/102     AC:  8    Str: 10    XL:     9   Next: 45%
Magic:  12/20      EV:  7    Int: 27    God:
Gold:   440        SH:  9    Dex: 10    Spells: 13/23 levels left

rFire   . . .        a - +1 war axe
rCold   . . .        c - +0 kite shield
rNeg    . . .        j - +0 ring mail
rPois   .            z - +0 helmet
rElec   .            i - +0 cloak
rCorr   .            (no gloves)
SInv    .            N - +0 pair of boots
Will    .....        (no amulet) Stlth
                     l - ring of wizardry
HPRegen 0.37/turn    w - +6 ring of intelligence
MPRegen 0.17/turn

%: wizardry (x1)
@: berserking, very quick
A: runic magic, artefact enchanting
a: no special abilities


You were on level 6 of the Dungeon.
You visited 1 branch of the dungeon, and saw 7 of its levels.

You collected 440 gold pieces.

Inventory:

Hand Weapons
 a - a +1 war axe (weapon)
 s - a +3 morningstar
 I - a +1 hand axe of electrocution
 L - a +0 dagger of venom
Missiles
 h - 66 stones
 o - a silver javelin
 t - 10 poisoned darts
 C - a boomerang (quivered)
Armour
 c - a +0 kite shield (worn)
 i - a +0 cloak (worn)
 j - a +0 ring mail (worn)
 x - a +0 chain mail
 z - a +0 helmet (worn)
 N - a +0 pair of boots (worn)
Jewellery
 b - a +6 ring of strength
 d - an amulet of regeneration
 g - a ring of magical power
 l - a ring of wizardry (left hand)
 m - a +6 ring of strength
 n - a +6 ring of dexterity
 r - a ring of resist corrosion
 w - a +6 ring of intelligence (right hand)
 F - a ring of magical power
 H - a +6 ring of dexterity
 K - a ring of ice
Wands
 p - a wand of flame (13)
 E - a wand of polymorph (8)
Scrolls
 e - 3 scrolls of identify
Potions
 f - a potion of lignification
 k - 3 potions of magic
 u - 2 potions of cancellation
 v - 2 potions of mutation
 G - 3 potions of enlightenment


   Skills:
 + Level 2.7 Fighting
 - Level 1.3 Dodging
 - Level 1.4 Stealth
 - Level 8.1 Shields
 - Level 7.5 Spellcasting
 - Level 0.8 Conjurations
 - Level 7.7 Fire Magic


You had 13 spell levels left.
You knew the following spells:

 Your Spells              Type           Power      Damage    Failure   Level
a - Foxfire               Conj/Fire      100%       2x1d9     1%          1
b - Scorch                Fire           100%       2d9       1%          2
c - Volatile Blastmotes   Fire/Tloc      60%        2d15      6%          3
d - Flame Wave            Conj/Fire      33%        2d10      16%         4

Your spell library contained the following spells:

 Spells                   Type           Power      Damage    Failure   Level
 Inner Flame              Hex/Fire       30%        N/A       6%          3
 Magic Dart               Conj           56%        1d5       7%          1
 Blink                    Tloc           20%        N/A       14%         2
 Call Imp                 Summ           20%        N/A       14%         2
 Ensorcelled Hibernation  Hex/Ice        20%        N/A       14%         2
 Fugue of the Fallen      Necr           10%        N/A       26%         3
 Anguish                  Hex/Necr       5%         N/A       65%         4


Dungeon Overview and Level Annotations

Branches:
Dungeon (7/15)
 Temple: D:4-7

Altars:
Dithmenos
Elyvilon
Hepliaklqana
Trog
Uskayaw
Yredelemnul

Annotations:
D:3 1 runed translucent door, Crazy Yiuf


Innate Abilities, Weirdness & Mutations

Your spellcasting is much less encumbered by armour.
You can use scrolls of enchantment on lesser artefacts.


Message History

The yak is heavily wounded.
The concussive blast engulfs you!!
You are knocked back by the blast.
There is a stone staircase leading up here.
You block the yak's attack.
There is a stone staircase leading up here.
The yak gores you!
You climb upwards.
There is a stone staircase leading down here.
You are too injured to fight recklessly!
You are too injured to fight recklessly!
You are too injured to fight recklessly!
You hit the yak but do no damage.
The yak is heavily wounded.
The yak barely misses you. You block the yak's attack.
You hit the yak but do no damage.
The yak is heavily wounded.
The yak gores you.
You barely miss the yak.
The yak is heavily wounded.
The yak gores you!
* * * LOW HITPOINT WARNING * * *
The yak gores you!
* * * LOW HITPOINT WARNING * * *
You barely miss the yak.
The yak is heavily wounded.
The yak gores you.
* * * LOW HITPOINT WARNING * * *
The yak gores you.
* * * LOW HITPOINT WARNING * * *
Okay, then.
Okay, then.
A red film seems to cover your vision as you go berserk!
You feel yourself moving faster!
You feel mighty! The yak barely misses you.
You barely miss the yak.
The yak is heavily wounded.
The yak gores you but does no damage.
You hit the yak.
The yak is heavily wounded.
The yak gores you!
You die...

######.##.##'##........####
#.......#.....###'####.....
###.#########...# #.# #....)
#...# #...###.# #.....
#.###########..[.##.# #..)..
#.....†.#...#....##.# #..).)
#######.#...#.......####.....
#<#.#...#.......)).)...##
#.#.....@Y......########
#.###...#######..#######
##.#.#...# ##........#
#).#.....# ##..##.....##
#.##.#...#####...##.......
#....######.............#.
###### #...........###.
#.###...##..#...
#..###.####)).##


You could see a yak.

Vanquished Creatures
  Grinder (D:3)
  Sigmund (D:3)
  A yak (D:7)
  Eustachio (D:4)
  Menkaure (D:4)
  2 ice beasts
  2 sky beasts (D:6)
  An ogre (D:6)
  2 phantoms (D:5)
  2 bullfrogs (D:6)
  4 scorpions
  8 wights
  4 hounds
  3 orc priests
  A bombardier beetle (D:4)
  3 jellies
  A gnoll bouda (D:7)
  Terence (D:3)
  An iguana (D:7)
  3 orc wizards
  Robin (D:3)
  3 gnolls (D:7)
  3 adders
  3 white imps
  2 ufetubi (D:6)
  2 ribbon worms
  28 orcs
  3 endoplasms
  3 giant cockroaches
  13 goblins
  11 hobgoblins
  2 jackals (D:1)
  7 kobolds
  2 quokkas
  3 ball pythons
  4 bats
  A frilled lizard (D:3)
  4 rats
138 creatures vanquished.

Vanquished Creatures (others)
  204 foxfires
204 creatures vanquished.

Grand Total: 342 creatures vanquished

Notes
Turn   | Place    | Note
-------+----------+-------------------------------------------
     0 | D:1      | bronco the Mountain Dwarf Fire Elementalist began the quest
                  | for the Orb.
     0 | D:1      | Reached XP level 1. HP: 14/14 MP: 3/3
   386 | D:1      | Reached XP level 2. HP: 13/20 MP: 1/4
   523 | D:1      | Found a faded altar of an unknown god.
   677 | D:1      | HP: 1/20 [quokka (2)]
   954 | D:2      | Learned a level 2 spell: Scorch
  1054 | D:2      | Reached skill level 5 in Fire Magic
  1054 | D:2      | Reached XP level 3. HP: 15/26 MP: 1/5
  1691 | D:3      | Noticed Sigmund
  1707 | D:3      | Killed Sigmund
  1708 | D:3      | Reached XP level 4. HP: 33/33 MP: 1/6
  1708 | D:3      | Reached XP level 5. HP: 38/38 MP: 1/7
  1830 | D:2      | Learned a level 3 spell: Volatile Blastmotes
  1861 | D:3      | Noticed Robin
  2015 | D:3      | Reached skill level 1 in Shields
  2020 | D:3      | Killed Robin
  2196 | D:3      | Noticed Grinder
  2204 | D:3      | Killed Grinder
  2205 | D:3      | Reached skill level 4 in Shields
  2205 | D:3      | Reached XP level 6. HP: 45/45 MP: 0/8
  2299 | D:3      | Noticed Terence
  2308 | D:3      | Killed Terence
  2463 | D:3      | Found a runed translucent door.
  2464 | D:3      | Noticed Crazy Yiuf
  2623 | D:3      | Found a basalt altar of Yredelemnul.
  2665 | D:3      | Found a shadowy altar of Dithmenos.
  3014 | D:4      | Noticed Eustachio
  3016 | D:4      | Reached XP level 7. HP: 50/50 MP: 6/9
  3025 | D:4      | Reached skill level 5 in Shields
  3069 | D:5      | Entered Level 5 of the Dungeon
  3143 | D:4      | Killed Eustachio
  3144 | D:4      | Reached skill level 6 in Shields
  3364 | D:4      | Reached skill level 7 in Shields
  3589 | D:4      | Noticed Menkaure
  3789 | D:4      | Killed Menkaure
  3790 | D:4      | Reached skill level 8 in Shields
  3790 | D:4      | Reached XP level 8. HP: 57/57 MP: 3/10
  4234 | D:5      | Found a white marble altar of Elyvilon.
  4477 | D:5      | Found a hide-covered altar of Uskayaw.
  4817 | D:5      | Learned a level 4 spell: Flame Wave
  5464 | D:5      | Found a hazy altar of Hepliaklqana.
  6070 | D:6      | Reached skill level 5 in Spellcasting
  6298 | D:6      | Reached XP level 9. HP: 59/62 MP: 4/18
  6457 | D:6      | Found a bloodstained altar of Trog.
  7246 | D:7      | Reached skill level 1 in Fighting
  7342 | D:6      | HP: 3/68 [yak (5)]
  7345 | D:6      | Mangled by a yak

Illustrated notes

Levels and vault maps discovered:
D:1:      hellmonk_arrival_library, layout_basic,
          shapermc_ecumenical_altar_totnotflames
D:2:      layout_rooms, st_stairs_2
D:3:      layout_rooms, mainiacjoe_overflow_surrounded_room, lemuel_round_altar,
          uniq_grinder, uniq_sigmund, uniq_robin, uniq_crazy_yiuf_cottage,
          uniq_terence
D:4:      layout_basic, uniq_eustachio, uniq_menkaure
D:5:      lemuel_ice_spiral_2, layout_basic, lemuel_tele_altar,
          worldfamousw_hep_ancestral_shrine, mainiacjoe_overflow_chevrons
D:6:      layout_basic, trog_three_pillars_becter, eino_tiny_chamber,
          hangedman_abyss_or_decor_lesser_grid
D:7:      layout_gridville, tso_altar, temple_statues, serial_shops,
          nicolae_shop_statue_plus

Skill      XL: |  1  2  3  4  5  6  7  8  9 |
---------------+----------------------------+-----
Fire Magic     | 4 5 7 |  7.7
Shields        | 4 8 |  8.1
Spellcasting   | 6 7 |  7.5
Fighting       | 2 |  2.7
Dodging        | |  1.3
Stealth        | |  1.4
Conjurations   | |  0.8

Action                     |  1- 3 |  4- 6 |  7- 9 || total
---------------------------+-------+-------+-------++-------
  Melee: Dagger            |    52 |    48 |       ||   100
         Arbalest          |     1 |       |       ||     1
         Club              |       |     1 |       ||     1
         Morningstar       |       |       |    15 ||    15
         War axe           |       |       |    40 ||    40
   Fire: Arbalest          |    58 |    14 |       ||    72
  Throw: Javelin           |       |       |     2 ||     2
         Dart              |       |       |     1 ||     1
         Boomerang         |       |       |     6 ||     6
   Cast: Foxfire           |    24 |    10 |    98 ||   132
         Scorch            |     7 |    10 |    55 ||    72
         Volatile Blastmot |       |     1 |    17 ||    18
    Use: Potion            |     1 |       |     2 ||     3
         Scroll            |       |     4 |     9 ||    13
 Armour: Ring mail         |   101 |    70 |    67 ||   238
         Robe              |     3 |       |       ||     3
  Dodge: Dodged            |    46 |    47 |    19 ||   112
  Block: Kite shield       |       |     5 |    36 ||    41

Table legend: (Time is in decaauts)
 A = Elapsed time spent in this place.
 B = Non-inter-level travel time spent in this place.
 C = Inter-level travel time spent in this place.
 D = Time resting spent in this place.
 E = Time spent auto-exploring this place.
 F = Levels seen in this place.
 G = Mean time per level.
                   A        B        C        D        E       F      G
               +--------+--------+--------+--------+--------+-----+--------+
         Total |   7448 |   7106 |    342 |   1500 |   4180 |   7 | 1064.0 |
       Dungeon |   7448 |   7106 |    342 |   1500 |   4180 |   7 | 1064.0 |
               +--------+--------+--------+--------+--------+-----+--------+

Top non-repeatable levels by time:
     D:5: 1942 daAuts
     D:6: 1201 daAuts
     D:4: 1131 daAuts
     D:3: 979 daAuts
     D:1: 971 daAuts
     D:2: 917 daAuts
     D:7: 303 daAuts
